cohdb
Replays
Latest Replays
All Replays
Popular Replays
Top Player Replays
Match Explorer
How It Works
Community
CoH3 Stats
Reddit
Sign in to upload your games and track your stats! →
Sign in with Steam
Match 26752354
Unlisted
Match 26752354
Overview
Messages
Build Orders
End
Selects Australian Defense Battlegroup
Selects Australian Light Infantry Section
Australian Light Infantry Section
Construct Section Command Post
Dingo Light Scout Car
Infantry Section
Construct Platoon Command Post
Humber Armored Car
Infantry Section
6-pounder Anti-tank Gun Team
Selects Defensive Tactics
Construct Company Command Post
Selects Vehicle Over Repair
Matilda II Heavy Tank
Armored Vehicle Training
Infantry Training
Foot Guards Section
Foot Guards Section
Selects CMP 15cwt Supply Run
Selects CMP 15cwt Supply Run
Unlock M3 Grant Medium Tanks
odkupiciel375
[LTD] Charette
Walletman Buntybags
Mister_Ch0c
Ermac
TURTLE LEONID
Esdra
Доктор Гувер
0
0
Comments
sign in to comment!
No comments posted yet!